 Dungeon Crawl Stone Soup version 0.30-a0-949-g53dc5368d7 (webtiles) character file.

Game seed: 10135021679090379529

3172 Morbidden the Cutter (level 9, -3/69 HPs)
             Began as a Demonspawn Brigand on Mar 26, 2023.
             Was a Believer of Cheibriados.
             Slain by Grum
             ... wielding a -2 spear
              (13 damage)
             ... on level 8 of the Dungeon on Mar 27, 2023.
             The game lasted 00:10:19 (7992 turns).

Morbidden the Cutter (Demonspawn Brigand)           Turns: 7992, Time: 00:10:20

Health: -3/69      AC: 17    Str: 16    XL:     9   Next: 63%
Magic:  14/14      EV: 13    Int: 23    God:    Cheibriados [**....]
Gold:   402        SH:  0    Dex: 23    Spells: 12/15 levels left

rFire   x . .      SeeInvis .    b - +4 dagger (venom)
rCold   . . .      Faith    .    (no shield)
rNeg    . . .      Spirit   .    o - +5 ring mail of the Louse {rF- Dex+4}
rPois   +          Reflect  .    (no helmet)
rElec   .          Rampage  .    c - +0 cloak
rCorr   .                        I - +0 pair of gloves
Will    .....                    A - +2 pair of boots
Stlth   +++                      (no amulet)
HPRegen 0.31/turn                E - ring of poison resistance
MPRegen 0.14/turn                (no ring)

@: very slow
A: hooves 2, rugged brown scales 1, foul stench 1, powered by pain 1
a: Renounce Religion, Bend Time


You were on level 8 of the Dungeon.
You worshipped Cheibriados.
Cheibriados was pleased with you.
You visited 2 branches of the dungeon, and saw 9 of its levels.

You collected 402 gold pieces.

Inventory:

Hand Weapons
 a - a +2 rapier of flaming
 b - a +4 dagger of venom (weapon)
 z - a +2 dagger
 G - a +0 scimitar
Missiles
 d - 12 poisoned darts (quivered)
 e - 3 curare-tipped darts
 H - 2 boomerangs
Armour
 c - a +0 cloak (worn)
 o - the +5 ring mail of the Louse (worn) {rF- Dex+4}
   (You found it on level 2 of the Dungeon)

   Dex:       It affects your dexterity (+4).
   rF:        It makes you vulnerable to fire.
 A - a +2 pair of boots (worn)
 I - a +0 pair of gloves (worn)
Jewellery
 n - a ring of fire
 E - a ring of poison resistance (left hand)
Wands
 v - a wand of quicksilver (16)
 B - a wand of paralysis (10)
 F - a wand of roots (8)
Scrolls
 f - 2 scrolls of enchant armour {unknown}
 g - 2 scrolls of fog {unknown}
 h - a scroll of acquirement {unknown}
 j - 6 scrolls of teleportation
 m - a scroll of torment {unknown}
 p - 2 scrolls of noise {unknown}
 r - 2 scrolls of identify {unknown}
 s - a scroll of enchant weapon {unknown}
 x - 3 scrolls of poison {unknown}
 y - 2 scrolls of amnesia {unknown}
 D - a scroll of vulnerability {unknown}
 J - a scroll of blinking {unknown}
Potions
 i - a potion of resistance
 k - a potion of haste
 l - 2 potions of brilliance
 q - 3 potions of flight {unknown}
 t - 2 potions of lignification {unknown}
 u - a potion of invisibility {unknown}
 w - a potion of attraction {unknown}
 C - a potion of curing


   Skills:
 * Level 4.8 Fighting
 * Level 6.1(6.6) Short Blades
 * Level 3.5(5.3) Long Blades
 + Level 3.1 Throwing
 * Level 4.8 Armour
 * Level 4.1 Dodging
 + Level 4.6 Stealth
 * Level 3.6 Spellcasting
 * Level 1.5 Conjurations
 * Level 1.1 Earth Magic
 * Level 3.2 Invocations
 * Level 2.0 Evocations


You had 12 spell levels left.
You knew the following spells:

 Your Spells              Type           Power      Damage    Failure   Level
a - Stone Arrow           Conj/Erth      20%        3d8       34%         3

Your spell library contained the following spells:

 Spells                   Type           Power      Damage    Failure   Level
 Sandblast                Erth           18%        2d7       12%         1
 Passwall                 Tmut/Erth      5%         N/A       24%         2
 Summon Guardian Golem    Hex/Summ       4%         N/A       52%         3
 Cause Fear               Hex            2%         N/A       89%         4
 Dragon Form              Tmut           2%         N/A       100%        7
 Orb of Destruction       Conj           5%         9d5       100%        7
 Spellforged Servitor     Conj/Summ      3%         N/A       100%        7
 Dragon's Call            Summ           2%         N/A       100%        9


Dungeon Overview and Level Annotations

Branches:
Dungeon (8/15)             Temple (1/1) D:5
   Lair: D:8-11

Altars:
Ashenzari
Cheibriados
Dithmenos
Fedhas
Hepliaklqana
Kikubaaqudgha
Makhleb
Nemelex Xobeh
Okawaru
Qazlal
Ru
Sif Muna
Uskayaw
Vehumet
Wu Jian
Xom
Yredelemnul

Annotations:
D:3 Grinder
D:4 1 runed translucent door, Pascal76's ghost, amateur GrGl
D:5 1 runed translucent door, Crazy Yiuf
D:7 2 transporters
D:8 Grum


Innate Abilities, Weirdness & Mutations

You have hoof-like feet.
You are partially covered in rugged brown scales. (AC +1, +3% HP)
You may rarely emit foul miasma when damaged in melee.
You sometimes gain a little power by taking damage.


Message History

Grum hits you from afar with a -2 spear!
You hit the wolf.
The wolf looks as sick as possible!
The wolf is severely wounded.
The wolf bites you but does no damage.
Grum hits you from afar with a -2 spear.
You hit the wolf but do no damage.
The wolf looks as sick as possible!
The wolf is severely wounded.
The wolf bites you!
You closely miss the wolf.
The wolf is severely wounded.
The wolf bites you but does no damage. Grum misses you.
You barely miss the wolf.
The wolf is severely wounded.
The wolf bites you but does no damage.
Grum hits you from afar with a -2 spear!
* * * LOW HITPOINT WARNING * * *
Unknown command.
Unknown command.
You kill the wolf!
Cheibriados thoroughly appreciates the change of pace.
Unknown command.
The wolf barely misses you. Grum hits you but does no damage.
The wolf attacks as you move away!
The wolf bites you but does no damage. x3
The wolf attacks as you move away! The wolf bites you.
* * * LOW HITPOINT WARNING * * *
Grum zaps a wand.
The puff of flame misses you. The wolf barely misses you.
The wolf closely misses you. x2
Grum cheerfully says, "No dog meat for Grum tonight!"
The wolf closely misses you.
Okay, then.
The wolf bites you but does no damage.
Grum hits you from afar with a -2 spear!
* * * LOW HITPOINT WARNING * * *
The wolf bites you but does no damage. The wolf bites you but does no damage.
The wolf bites you but does no damage. x2; Grum barely misses you.
There is a stone staircase leading up here.
The wolf bites you but does no damage.
Grum hits you from afar with a -2 spear!
You die...

##.............
...............
###..........##
###.#.###### #.#.#
##.#.######.#
###............
####....##.#####.#
###@hg..####.#
#......## #.#
#.....).### #.#
.....##### #.#
##### ..[ ... ...


You could see Grum and a wolf.

Vanquished Creatures
  Pikel (D:4)
  Menkaure (D:4)
  2 orc warriors (D:7)
  A sky beast (D:7)
  2 black bears
  An ice beast (D:6)
  2 wolves (D:8)
  2 ogres
  A centaur (D:7)
  A phantom (D:6)
  A kobold brigand (D:7)
  2 bullfrogs
  Blork the orc (D:4)
  A scorpion (D:6)
  4 howler monkeys (D:6)
  8 hounds
  4 jellies
  2 orc priests
  A gnoll bouda (D:5)
  Natasha (thrice) (D:3)
  5 iguanas
  3 sleepcaps
  3 orc wizards
  9 adders
  4 gnolls (D:5)
  A shadow imp (D:6)
  2 white imps (D:6)
  An ufetubus (D:4)
  A worm (D:3)
  3 dart slugs
  22 orcs
  4 bats
  5 endoplasms
  3 giant cockroaches
  9 goblins
  10 hobgoblins
  8 jackals (D:1)
  15 kobolds
  4 quokkas
  7 ball pythons
  A frilled lizard (D:2)
  6 rats
167 creatures vanquished.

Vanquished Creatures (others)
  6 demonic plants (D:6)
6 creatures vanquished.

Grand Total: 173 creatures vanquished

Notes
Turn   | Place    | Note
-------+----------+-------------------------------------------
     0 | D:1      | Morbidden the Demonspawn Brigand began the quest for the
                  | Orb.
     0 | D:1      | Reached XP level 1. HP: 16/16 MP: 1/1
    49 | D:1      | Reached skill level 1 in Dodging
    81 | D:1      | Reached skill level 2 in Short Blades
    88 | D:1      | Gained mutation: You have large cloven feet. [demonic
                  | ancestry]
    88 | D:1      | Reached XP level 2. HP: 22/22 MP: 2/2
   293 | D:1      | Gained mutation: You have hoof-like feet. [demonic
                  | ancestry]
   293 | D:1      | Reached XP level 3. HP: 5/27 MP: 3/3
  1207 | D:2      | Found an iron altar of Okawaru.
  1330 | D:2      | Gained mutation: You are partially covered in rugged brown
                  | scales. (AC +1, +3% HP) [demonic ancestry]
  1330 | D:2      | Reached XP level 4. HP: 27/33 MP: 4/4
  1446 | D:2      | Identified the +5 ring mail of the Louse {rF- Dex+4}
  1758 | D:2      | Upgraded the game from 0.30-a0-940-ge5077277c9 to
                  | 0.30-a0-949-g53dc5368d7
  1911 | D:3      | Reached skill level 1 in Long Blades
  2048 | D:3      | Reached skill level 1 in Armour
  2293 | D:3      | Noticed Grinder
  2541 | D:4      | Noticed a lemure
  2543 | D:4      | Reached XP level 5. HP: 40/40 MP: 5/5
  2543 | D:4      | Noticed Pikel
  2584 | D:4      | Noticed Natasha
  2599 | D:3      | Killed Natasha
  2727 | D:3      | Noticed Natasha
  2735 | D:3      | Killed Natasha
  3115 | D:3      | Noticed Natasha
  3125 | D:3      | Killed Natasha
  3126 | D:3      | Reached skill level 3 in Short Blades
  3269 | D:4      | Noticed a lemure
  3274 | D:4      | Noticed Menkaure
  3276 | D:4      | Reached skill level 1 in Spellcasting
  3291 | D:4      | Killed Menkaure
  3292 | D:4      | Reached XP level 6. HP: 27/47 MP: 7/7
  3314 | D:4      | Noticed Blork the orc
  3340 | D:4      | Killed Blork the orc
  3374 | D:4      | Gained mutation: You sometimes gain a little power by
                  | taking damage. [demonic ancestry]
  3374 | D:4      | Reached XP level 7. HP: 31/52 MP: 9/9
  3741 | D:4      | Reached skill level 4 in Short Blades
  3819 | D:4      | Found a runed translucent door.
  3819 | D:4      | Noticed Pascal76's ghost (amateur GrGl)
  3867 | D:4      | Killed Pikel
  3868 | D:4      | Reached XP level 8. HP: 58/59 MP: 9/11
  4279 | D:5      | Entered Level 5 of the Dungeon
  4680 | D:5      | Found a staircase to the Ecumenical Temple.
  4702 | Temple   | Entered the Ecumenical Temple
  4762 | Temple   | Became a worshipper of Cheibriados the Contemplative
  5024 | D:5      | Found a runed translucent door.
  5025 | D:5      | Noticed Crazy Yiuf
  5877 | D:6      | Reached skill level 1 in Invocations
  5926 | D:6      | Reached skill level 5 in Short Blades
  5930 | D:6      | Learned a level 3 spell: Stone Arrow
  6011 | D:6      | Reached * piety under Cheibriados
  6012 | D:6      | Reached skill level 1 in Evocations
  6041 | D:6      | Reached skill level 1 in Conjurations
  6200 | D:6      | Gained mutation: You may rarely emit foul miasma when
                  | damaged in melee. [demonic ancestry]
  6200 | D:6      | Reached XP level 9. HP: 64/67 MP: 13/13
  6798 | D:7      | Noticed a kobold demonologist
  6798 | D:7      | Found a transporter.
  6922 | D:7      | Found a transporter.
  6974 | D:7      | Reached ** piety under Cheibriados
  7535 | D:7      | Found a large runed translucent door.
  7536 | D:7      | Found a large runed translucent door.
  7821 | D:7      | Found a stormy altar of Qazlal.
  7837 | D:7      | Reached skill level 6 in Short Blades
  7837 | D:7      | Reached skill level 1 in Earth Magic
  7897 | D:7      | Found a sacrificial altar of Ru.
  7950 | D:8      | Noticed Grum
  7992 | D:8      | Slain by Grum

Illustrated notes

Levels and vault maps discovered:
D:1:      dpeg_arrival_solitude, layout_basic,
          amcnicky_mini_rare_corridor_liquid, grunt_decor_arrowhead
D:2:      layout_loops_cross, basic_altar
D:3:      layout_basic, uniq_grinder
D:4:      layout_loops_cross, hellmonk_ghost_happy_afterlife, uniq_pikel,
          uniq_menkaure, uniq_natasha, uniq_blork_the_orc
D:5:      layout_loops_corners, minmay_temple_entry_arrows,
          kennysheep_generic_room_15, uniq_crazy_yiuf_cottage
D:6:      layout_basic, dreamdust_princess_corridor, st_stairs_8,
          kennysheep_another_room, nicolae_titane
D:7:      gammafunk_wand_slinger, layout_gridville, jmf_multi_god_temple2
D:8:      layout_rooms, lemuel_round_altar, uniq_erica, uniq_grum
Temple:   compressed_dpeg_circular_temple

Skill      XL: |  1  2  3  4  5  6  7  8  9 |
---------------+----------------------------+-----
Dodging        | 1 2 3 4 |  4.1
Short Blades   | 2 3 4 5 6 |  6.1
Stealth        | 4 |  4.6
Long Blades    | 1 2 3 |  3.5
Armour         | 1 2 3 4 |  4.8
Spellcasting   | 1 2 3 |  3.6
Throwing       | 2 3 |  3.1
Fighting       | 3 4 |  4.8
Invocations    | 1 3 |  3.2
Evocations     | 1 2 |  2.0
Conjurations   | 1 |  1.5
Earth Magic    | 1 |  1.1

Action                     |  1- 3 |  4- 6 |  7- 9 || total
---------------------------+-------+-------+-------++-------
  Melee: Dagger            |   113 |   121 |   251 ||   485
         Kick              |    14 |    44 |    59 ||   117
         Punch             |       |     3 |     8 ||    11
         Rapier            |       |       |   159 ||   159
  Throw: Dart              |     3 |    13 |    30 ||    46
    Use: Potion            |       |     4 |     1 ||     5
         Scroll            |       |     1 |       ||     1
   Stab: Sleeping          |     7 |     9 |     4 ||    20
         Distracted        |       |     1 |     1 ||     2
 Armour: Robe              |    37 |       |       ||    37
         Ring mail         |       |    45 |   223 ||   268
  Dodge: Dodged            |    64 |    84 |   257 ||   405

Table legend: (Time is in decaauts)
 A = Elapsed time spent in this place.
 B = Non-inter-level travel time spent in this place.
 C = Inter-level travel time spent in this place.
 D = Time resting spent in this place.
 E = Time spent auto-exploring this place.
 F = Levels seen in this place.
 G = Mean time per level.
                   A        B        C        D        E       F      G
               +--------+--------+--------+--------+--------+-----+--------+
         Total |   8723 |   8314 |    409 |    306 |   6626 |   9 |  969.2 |
       Dungeon |   8647 |   8251 |    396 |    306 |   6587 |   8 | 1080.9 |
        Temple |     75 |     62 |     13 |      0 |     39 |   1 |   75.0 |
               +--------+--------+--------+--------+--------+-----+--------+

Top non-repeatable levels by time:
     D:5: 1617 daAuts
     D:3: 1449 daAuts
     D:7: 1378 daAuts
     D:6: 1369 daAuts
     D:1: 1073 daAuts
     D:4: 987 daAuts
     D:2: 704 daAuts
  Temple: 75 daAuts
     D:8: 69 daAuts
